 Dungeon Crawl Stone Soup version 0.19-a0-1071-g4ed3155 (webtiles) character file.

8403 junb69 the Cleaver (level 10, -5/93 HPs)
             Began as a Demigod Gladiator on Aug 5, 2016.
             Slain by a hill giant
             ... wielding a +0 giant club
              (8 damage)
             ... on level 11 of the Dungeon.
             The game lasted 00:29:16 (11709 turns).

junb69 the Cleaver (Demigod Gladiator)             Turns: 11709, Time: 00:29:17

Health: -5/93      AC: 15    Str: 29    XL:     10   Next: 83%
Magic:  22/22      EV: 12    Int: 16    God:
Gold:   84         SH:  6    Dex: 18    Spells: 0 memorised, 9 levels left

rFire  . . .     SeeInvis .     a - +2 war axe
rCold  + . .     Gourm    .     F - +3 ring mail of the New World {rC+ MR- Str+4}
rNeg   + . .     Faith    .     I - +2 buckler
rPois  .         Spirit   .     (helmet restricted)
rElec  .         Dismiss  .     x - +0 cloak
rCorr  .         Reflect  .     s - +0 pair of gloves
SustAt +         Harm     .     o - +2 pair of boots "Ewkomir" {*Drain rN+ Str+3 Int+4}
MR     .....     Clarity  +     E - amulet of regeneration
Stlth  +.........               (no ring)
                                p - ring of magical power

@:
A: antennae 1, clarity, high mp 1, subdued magic 1, sustain attributes
a: no special abilities


You were on level 11 of the Dungeon.
You were not hungry.

You visited 1 branch of the dungeon, and saw 11 of its levels.

You collected 454 gold pieces.
You spent 370 gold pieces at shops.

Inventory:

Hand Weapons
 a - a +2 war axe (weapon)
Missiles
 r - 2 throwing nets (quivered)
Armour
 c - a +1 helmet
 o - the +2 pair of boots "Ewkomir" (worn) {*Drain rN+ Str+3 Int+4}
   (You bought it in a shop on level 10 of the Dungeon)

   It affects your strength (+3).
   It affects your intelligence (+4).
   It protects you from negative energy.
   It causes draining when unequipped.
 s - a +0 pair of gloves (worn)
 x - a +0 cloak (worn)
 y - a +0 chain mail
 F - the +3 ring mail of the New World (worn) {rC+ MR- Str+4}
   (You bought it in a shop on level 10 of the Dungeon)

   It affects your strength (+4).
   It protects you from cold.
   It affects your resistance to hostile enchantments.
 I - a +2 buckler (worn)
Jewellery
 p - a ring of magical power (left hand)
 E - an amulet of regeneration (around neck)
Wands
 b - a wand of random effects (46/48)
 w - a wand of confusion (17/48)
 B - a wand of flame (38/48)
 J - a wand of flame (17/48)
Scrolls
 e - a scroll of identify
 h - a scroll of immolation
 j - a scroll of noise
 m - 3 scrolls of remove curse
 A - a scroll of recharging
 H - a scroll of amnesia
 K - a scroll of teleportation
 L - 2 scrolls of enchant armour
Potions
 i - 3 potions of curing
 l - 2 potions of resistance {unknown}
 t - a potion of ambrosia {unknown}
 v - a potion of mutation
 z - a potion of berserk rage {unknown}
Comestibles
 f - 8 bread rations
 k - a slice of pizza
 n - 7 meat rations
 q - 9 beef jerkies


   Skills:
 - Level 10.0 Fighting
 - Level 10.3 Axes
 - Level 1.7 Throwing
 - Level 7.3 Armour
 * Level 2.6 Dodging
 * Level 0.0 Shields


You had 9 spell levels left.
You didn't know any spells.

Dungeon Overview and Level Annotations

Branches:
Dungeon (11/15)            Temple (0/1) D:6            Lair (0/6) D:10
    Orc: D:9-12

Shops:
D:7 :   D:9 *   D:10 [


Innate Abilities, Weirdness & Mutations

You have an increased reservoir of magic. (+10% MP)
Your attributes are resistant to harm.
You have a pair of small antennae on your head.
You possess an exceptional clarity of mind.
Your spells are a little easier to cast, but a little less powerful.


Message History

* * * LOW HITPOINT WARNING * * *
The hill giant hits you with a giant club!
* * * LOW HITPOINT WARNING * * *
You feel much better. You block the worker ant's attack.
You block the hill giant's attack.
You hit the hill giant but do no damage.
The hill giant is heavily wounded.
You hit the worker ant but do no damage.
The worker ant bites you but does no damage.
You hit the hill giant but do no damage.
The hill giant is heavily wounded.
You slash the worker ant! The worker ant barely misses you.
The hill giant hits you with a giant club!!
* * * LOW HITPOINT WARNING * * *
The worker ant closely misses you.
You slash the hill giant!
The hill giant is severely wounded.
You barely miss the worker ant.
The hill giant hits you with a giant club!
You die...

#...... #......
#...?.. #......
#......########
#..............
#.....Ca.......
#......@.......
#..............
#..............
#..............
#<.............
#..............
#............$.
########.......
....###


You could see a hill giant and a worker ant.

Vanquished Creatures
  The ghost of eragonby the Pure, a novice DsAK of Lugonu (D:10)
  A hill giant (D:10)
  An elephant (D:10)
  Joseph (D:7)
  A troll (D:10)
  3 two-headed ogres
  Eustachio (D:4)
  A wyvern (D:8)
  2 hungry ghosts
  Menkaure (D:7)
  Edmund (D:6)
  An orc warrior (D:9)
  Purgy (D:4)
  2 sky beasts (D:7)
  4 black bears
  4 ogres
  2 phantoms (D:8)
  An ice beast (D:6)
  2 necrophages
  4 centaurs
  2 crocodiles (D:10)
  A big kobold (D:7)
  7 giant frogs
  2 wyvern zombies (D:6)
  4 scorpions
  A water moccasin skeleton (D:6)
  4 killer bees
  3 howler monkeys
  5 crimson imps
  A quasit (D:10)
  4 centaur zombies (D:6)
  3 giant frog skeletons
  2 jellies
  11 hounds
  4 iguanas
  3 orc priests
  A centaur skeleton (D:8)
  6 orc wizards
  11 worker ants
  4 hound skeletons
  2 howler monkey zombies (D:6)
  5 worker ant zombies
  Robin (D:4)
  13 adders
  4 shadow imps
  An ooze (D:1)
  An adder skeleton (D:5)
  7 adder zombies (D:6)
  A worm (D:2)
  A dart slug (D:1)
  8 giant geckos
  27 orcs
  4 giant cockroaches
  13 goblins
  11 hobgoblins
  10 jackals
  16 kobolds
  11 quokkas
  5 ball pythons
  9 bats
  2 giant gecko skeletons (D:6)
  A giant gecko zombie (D:6)
  8 giant newts
  A jackal zombie (D:6)
  4 quokka skeletons
  9 rats
289 creatures vanquished.

Vanquished Creatures (others)
  An orc (D:9)
1 creature vanquished.

Grand Total: 290 creatures vanquished

Notes
Turn   | Place    | Note
-------+----------+-------------------------------------------
     0 | D:1      | junb69 the Demigod Gladiator began the quest for the Orb.
     0 | D:1      | Reached XP level 1. HP: 17/17 MP: 3/3
   214 | D:1      | Reached XP level 2. HP: 22/24 MP: 4/4
   696 | D:1      | Reached XP level 3. HP: 29/29 MP: 5/5
  1692 | D:2      | Reached XP level 4. HP: 27/36 MP: 6/6
  2455 | D:3      | Reached skill level 5 in Axes
  2810 | D:3      | Reached XP level 5. HP: 18/41 MP: 7/7
  3184 | D:3      | Found an iron altar of Okawaru.
  3858 | D:4      | Noticed Robin
  4087 | D:4      | Reached XP level 6. HP: 33/48 MP: 8/8
  4088 | D:4      | Noticed Purgy
  4224 | D:4      | Killed Robin
  4288 | D:4      | Noticed Eustachio
  4318 | D:4      | Killed Eustachio
  4665 | D:4      | Found a deep blue altar of Sif Muna.
  4939 | D:4      | Reached XP level 7. HP: 42/53 MP: 9/9
  5148 | D:4      | Killed Purgy
  5269 | D:5      | Entered Level 5 of the Dungeon
  6476 | D:5      | Found a blossoming altar of Fedhas.
  6780 | D:6      | Noticed Edmund
  6808 | D:6      | Killed Edmund
  6808 | D:6      | Reached XP level 8. HP: 28/60 MP: 10/10
  6958 | D:6      | Reached skill level 10 in Axes
  7220 | D:6      | Found a staircase to the Ecumenical Temple.
  7221 | D:6      | Found an opulent altar of Gozag.
  7260 | D:6      | Found a stormy altar of Qazlal.
  7321 | D:6      | Found a shattered altar of Ashenzari.
  7482 | D:6      | Found a basalt altar of Yredelemnul.
  7602 | D:7      | Reached skill level 5 in Fighting
  7679 | D:7      | Reached XP level 9. HP: 72/72 MP: 11/11
  7796 | D:7      | Noticed Joseph
  7807 | D:7      | Killed Joseph
  8109 | D:7      | Found Xiacioky's Book Emporium.
  8295 | D:7      | Noticed Menkaure
  8311 | D:7      | Killed Menkaure
  9117 | D:8      | Found a bloodstained altar of Trog.
  9241 | D:8      | Found a shadowy altar of Dithmenos.
  9329 | D:8      | Reached XP level 10. HP: 75/90 MP: 13/13
  9595 | D:8      | Found an ancient bone altar of Kikubaaqudgha.
  9734 | D:9      | Reached skill level 10 in Fighting
  9780 | D:9      | Found a white marble altar of Elyvilon.
  9833 | D:9      | Reached skill level 1 in Armour
 10162 | D:9      | You fall through a shaft for 2 floors!
 10300 | D:11     | Noticed a hill giant
 10306 | D:10     | Entered Level 10 of the Dungeon
 10335 | D:10     | Noticed an elephant
 10336 | D:10     | Noticed a hill giant
 10354 | D:10     | Found Doluru's Antique Armour Shop.
 10372 | D:10     | Bought a pair of heavily runed boots for 190 gold pieces
 10372 | D:10     | Bought a spiked ring mail for 180 gold pieces
 10377 | D:10     | Identified the +2 pair of boots "Ewkomir" {*Drain rN+ Str+3 Int+4} (You bought it in a shop on level 10 of the Dungeon)
 10388 | D:10     | Identified the +3 ring mail of the New World {rC+ MR- Str+4} (You bought it in a shop on level 10 of the Dungeon)
 10402 | D:10     | Noticed eragonby's ghost (novice DsAK)
 10438 | D:10     | Killed eragonby's ghost
 10587 | D:9      | Reached skill level 5 in Armour
 10628 | D:9      | Found Luzxuan's Assorted Antiques.
 10917 | D:10     | Killed an elephant
 10970 | D:10     | Found a staircase to the Lair.
 11150 | D:10     | Killed a hill giant
 11695 | D:11     | Noticed a hill giant
 11698 | D:11     | Gained mutation: Your spells are a little easier to cast, but a little less powerful. [potion of mutation]
 11698 | D:11     | Gained mutation: You possess an exceptional clarity of mind. [potion of mutation]
 11698 | D:11     | Gained mutation: You have a pair of small antennae on your head. [potion of mutation]
 11708 | D:11     | HP: 2/93 [hill giant/giant club (23)]
 11709 | D:11     | Slain by a hill giant

Vault maps used:
D:1:      eino_arrival_water_cross, st_stairs_12, minmay_pentomino_q4
D:3:      nicolae_overflow_crystal_walls, first_bread
D:4:      lemuel_blue_sif_altar, uniq_purgy, uniq_robin, uniq_eustachio
D:5:      lemuel_doored_altar
D:6:      old_standard_altar, lemuel_coloured_pillars_altar, old_standard_altar,
          kennysheep_little_box, serial_undead, serial_undead_a,
          serial_undead_b, serial_undead_b, serial_undead_a, serial_undead_a,
          serial_undead_a, serial_undead_d, serial_undead_d, serial_undead_e,
          serial_undead_b, uniq_edmund
D:7:      serial_shops, shop_fountains, uniq_joseph, uniq_menkaure
D:8:      grunt_dithmenos_shadows, trog_ov_bears_minmay,
          nicolae_overflow_hidden_temple
D:9:      elyvilon_altar_4, serial_shops, shop, grunt_ogre_cave
D:10:     david_lair_generic, serial_shops, nicolae_shop_trees
D:11:     kennysheep_orc_monster_closet_entryway, lab_entry_generic

Skill      XL: |  1  2  3  4  5  6  7  8  9 10 |
---------------+-------------------------------+-----
Axes           | 3 4 5 6 7 9 10 | 10.3
Fighting       | 5 9 10 | 10.0
Armour         | 7 |  7.3
Throwing       | |  1.7
Dodging        | |  2.6

Action                   |  1- 3 |  4- 6 |  7- 9 | 10-12 || total
-------------------------+-------+-------+-------+-------++-------
Melee: War axe           |   177 |   178 |   476 |   215 ||  1046
Throw: Throwing net      |     2 |     6 |     2 |       ||    10
Evoke: Wand              |       |       |     1 |       ||     1
  Use: Scroll            |       |     4 |    16 |     2 ||    22
       Potion            |       |       |     5 |     6 ||    11
 Stab: Sleeping          |     4 |     1 |       |       ||     5
       Held in net/web   |     1 |     1 |     2 |       ||     4
       Invisible         |       |       |     2 |       ||     2
  Eat: Chunk             |     3 |    10 |    13 |     6 ||    32
       Fruit             |       |       |     2 |     3 ||     5
Armor: Leather armour    |    45 |    11 |       |       ||    56
       Ring mail         |       |    57 |   141 |    79 ||   277
       Skin              |       |       |    17 |       ||    17
Dodge: Dodged            |   135 |   108 |   212 |   111 ||   566
Block: Buckler           |       |     1 |   149 |    45 ||   195
